BR (22 & UNDER)
GRAND RAPIDS DUTCH OVENS @ ELKINS STING RAYS
09/14/2028
 
TOP OF THE 1ST
Grand Rapids Dutch Ovens batting - Pitching for Elkins Sting Rays : RHP Jesús Núñez
Pitching: RHP Jesús Núñez
Batting: RHB José Wills 0-0: Ball
1-0: Foul Ball, location: 2F
1-1: Foul Ball, location: 2F
1-2: Ball
2-2: Hit by Pitch
Batting: RHB Jason Philip 0-0: Foul Ball, location: 2F
0-1: Ball
1-1: Foul Ball, location: 2F
1-2: Strikes out swinging
Batting: SHB John May 0-0: Foul Ball, location: 2F
0-1: Ball
1-1: Foul Ball, location: 2F
1-2: Ball
2-2: Foul Ball, location: 2F
2-2: Strikes out swinging
Batting: RHB Weldon Bell 0-0: Called Strike
0-1: Ball
1-1: Ground out 6-3 (Groundball, 56)
Top of the 1st over - 0 run(s), 0 hit(s), 0 error(s), 1 left on base; Grand Rapids 0 - Elkins 0
BOTTOM OF THE 1ST
Elkins Sting Rays batting - Pitching for Grand Rapids Dutch Ovens : RHP Ethan Knight
Pitching: RHP Ethan Knight
Batting: SHB Carlos González 0-0: Ball
1-0: SINGLE (Groundball, 3S) (infield hit)
Batting: LHB Freddy Torres 0-0: Ball
1-0: Ball
2-0: Ball
3-0: Called Strike
3-1: Swinging Strike
3-2: Ground out 4-3 (Groundball, 3D)
Carlos González to second
Batting: RHB Ryan Nelson 0-0: Ball
1-0: Called Strike
1-1: Foul Ball, location: 2F
1-2: Ground out 5-3 (Groundball, 56S)
Carlos González to third
Batting: RHB Bill Andrews 0-0: Fly out, F2 (Popup, 25)
Bottom of the 1st over - 0 run(s), 1 hit(s), 0 error(s), 1 left on base; Grand Rapids 0 - Elkins 0
TOP OF THE 2ND
Grand Rapids Dutch Ovens batting - Pitching for Elkins Sting Rays : RHP Jesús Núñez
Batting: RHB Phil Poole 0-0: Ball
1-0: Ball
2-0: Ball
3-0: Called Strike
3-1: Base on Balls
Batting: RHB António Aguilera 0-0: Called Strike
0-1: Fly out, F9 (Flyball, 89M)
Batting: SHB Karl Webster 0-0: Ball
1-0: Ball
2-0: Grounds into double play, 4-6-3 (Groundball, 4)
Top of the 2nd over - 0 run(s), 0 hit(s), 0 error(s), 0 left on base; Grand Rapids 0 - Elkins 0
BOTTOM OF THE 2ND
Elkins Sting Rays batting - Pitching for Grand Rapids Dutch Ovens : RHP Ethan Knight
Batting: LHB Ángel Flores 0-0: Swinging Strike
0-1: Called Strike
0-2: Ball
1-2: SINGLE (Groundball, 4MD)
Batting: SHB Ron Winston 0-0: Ball
1-0: Called Strike
1-1: Ball
2-1: Foul Ball, location: 2F
2-2: Ball
3-2: 2-RUN HOME RUN (Flyball, 78XD), Distance : 415 ft
Batting: RHB Armando Blanco 0-0: Called Strike
0-1: Ball
1-1: Called Strike
1-2: Ball
2-2: Ground out 5-3 (Groundball, 56)
Batting: RHB Carson Allen 0-0: Ball
1-0: SINGLE (Groundball, 34D)
Batting: RHB Pedro Betancourt 0-0: Ball
1-0: Ball
2-0: Foul Ball, location: 2F
2-1: Foul Ball, location: 2F
2-2: Ball
3-2: Foul Ball, location: 2F
3-2: Fielders Choice at 2nd, 3-6 (Groundball, 34)
Batting: SHB Carlos González 0-0: Ball
1-0: Ground out 4-3 (Groundball, 34)
Bottom of the 2nd over - 2 run(s), 3 hit(s), 0 error(s), 1 left on base; Grand Rapids 0 - Elkins 2
TOP OF THE 3RD
Grand Rapids Dutch Ovens batting - Pitching for Elkins Sting Rays : RHP Jesús Núñez
Batting: RHB Ismael Mojica 0-0: Fly out, F6 (Popup, 5D)
Batting: LHB Abel Wheeler 0-0: Called Strike
0-1: Called Strike
0-2: Foul Ball, location: 2F
0-2: Strikes out looking
Batting: RHB José Wills 0-0: Ball
1-0: Called Strike
1-1: Swinging Strike
1-2: Ball
2-2: Strikes out swinging
Top of the 3rd over - 0 run(s), 0 hit(s), 0 error(s), 0 left on base; Grand Rapids 0 - Elkins 2
BOTTOM OF THE 3RD
Elkins Sting Rays batting - Pitching for Grand Rapids Dutch Ovens : RHP Ethan Knight
Batting: LHB Freddy Torres 0-0: Ball
1-0: Ball
2-0: Single, Error in OF, E9, batter to second base
Batting: RHB Ryan Nelson 0-0: Fly out, F4 (Popup, 4D)
Batting: RHB Bill Andrews 0-0: Ball
1-0: SINGLE (Line Drive, 3D)
Freddy Torres to third
Batting: LHB Ángel Flores 0-0: Ball
1-0: Foul Ball, location: 2F
1-1: Foul Ball, location: 2F
1-2: SINGLE (Popup, 6MD)
Freddy Torres scores
Bill Andrews to second
Runner from 2nd tries for 3rd, SAFE, throw made to third
Batting: SHB Ron Winston 0-0: Called Strike
0-1: Fly out, F8 (Flyball, 8LS)
Runner from 3rd tags up, SCORES, no throw
Batting: RHB Armando Blanco 0-0: Called Strike
0-1: Ball
1-1: Swinging Strike
1-2: Strikes out swinging
Bottom of the 3rd over - 2 run(s), 3 hit(s), 1 error(s), 1 left on base; Grand Rapids 0 - Elkins 4
TOP OF THE 4TH
Grand Rapids Dutch Ovens batting - Pitching for Elkins Sting Rays : RHP Jesús Núñez
Batting: RHB Jason Philip 0-0: Called Strike
0-1: Foul Ball, location: 2F
0-2: Foul Ball, location: 2F
0-2: Ball
1-2: Strikes out looking
Batting: SHB John May 0-0: Ball
1-0: Foul Ball, location: 2F
1-1: SOLO HOME RUN (Flyball, 9D), Distance : 381 ft
Batting: RHB Weldon Bell 0-0: Foul Ball, location: 2F
0-1: Ball
1-1: Ball
2-1: Swinging Strike
2-2: SINGLE (Line Drive, 34)
Batting: RHB Phil Poole 0-0: Called Strike
0-1: Foul Ball, location: 2F
0-2: Ball
1-2: Foul Ball, location: 2F
1-2: Foul Ball, location: 2F
1-2: Strikes out swinging
Batting: RHB António Aguilera 0-0: Fly out, F9 (Flyball, 9LS)
Top of the 4th over - 1 run(s), 2 hit(s), 0 error(s), 1 left on base; Grand Rapids 1 - Elkins 4
BOTTOM OF THE 4TH
Elkins Sting Rays batting - Pitching for Grand Rapids Dutch Ovens : RHP Ethan Knight
Batting: RHB Carson Allen 0-0: Called Strike
0-1: Foul Ball, location: 2F
0-2: Ground out 1-3 (Groundball, 15S)
Batting: RHB Pedro Betancourt 0-0: Called Strike
0-1: DOUBLE (Flyball, 89M)
Batting: SHB Carlos González 0-0: Called Strike
0-1: Foul Ball, location: 2F
0-2: Strikes out looking
Batting: LHB Freddy Torres 0-0: Called Strike
0-1: Ball
1-1: Ball
2-1: Ball
3-1: Foul Ball, location: 2F
3-2: 2-RUN HOME RUN (Flyball, 9D), Distance : 383 ft
Batting: RHB Ryan Nelson 0-0: DOUBLE (Flyball, 89M)
Batting: RHB Bill Andrews 0-0: Called Strike
0-1: Ball
1-1: Ball
2-1: Ball
3-1: Foul Ball, location: 2F
3-2: Base on Balls
Batting: LHB Ángel Flores 0-0: Ball
1-0: Fly out, F7 (Flyball, 7LS)
Bottom of the 4th over - 2 run(s), 3 hit(s), 0 error(s), 2 left on base; Grand Rapids 1 - Elkins 6
TOP OF THE 5TH
Grand Rapids Dutch Ovens batting - Pitching for Elkins Sting Rays : RHP Jesús Núñez
Batting: SHB Karl Webster 0-0: Swinging Strike
0-1: Swinging Strike
0-2: Ball
1-2: Strikes out swinging
Batting: RHB Ismael Mojica 0-0: Swinging Strike
0-1: Ball
1-1: Ball
2-1: Ball
3-1: SINGLE (Line Drive, 78S)
Batting: LHB Abel Wheeler 0-0: Foul Ball, location: 2F
0-1: Swinging Strike
0-2: Ball
1-2: Fielders Choice at 2nd, 4-6 (Groundball, 34)
Batting: RHB José Wills 0-0: Ball
1-0: Ball
2-0: Fly out, F8 (Line Drive, 89D)
Top of the 5th over - 0 run(s), 1 hit(s), 0 error(s), 1 left on base; Grand Rapids 1 - Elkins 6
BOTTOM OF THE 5TH
Elkins Sting Rays batting - Pitching for Grand Rapids Dutch Ovens : RHP Ethan Knight
Now in LF: Wosene Garane
Batting: SHB Ron Winston 0-0: Ball
1-0: Fly out, F6 (Popup, 6MD)
Pitching: RHP Jacob Edwards
Batting: RHB Armando Blanco 0-0: Ball
1-0: Reached on error, E4 (Groundball, 4)
Batting: RHB Carson Allen 0-0: Ball
1-0: Called Strike
1-1: Fly out, F9 (Line Drive, 9)
Batting: RHB Pedro Betancourt 0-0: Called Strike
0-1: Ball
1-1: Ball
2-1: Called Strike
2-2: Foul Ball, location: 2F
2-2: Fielders Choice at 2nd, 5-4 (Groundball, 56)
Bottom of the 5th over - 0 run(s), 0 hit(s), 1 error(s), 0 left on base; Grand Rapids 1 - Elkins 6
TOP OF THE 6TH
Grand Rapids Dutch Ovens batting - Pitching for Elkins Sting Rays : RHP Jesús Núñez
Batting: RHB Jason Philip 0-0: Foul Ball, location: 2F
0-1: Foul Ball, location: 2F
0-2: Ball
1-2: Ball
2-2: Foul Ball, location: 2F
2-2: Ball
3-2: SINGLE (Line Drive, 6MD)
Batting: SHB John May 0-0: Called Strike
0-1: Ball
1-1: Swinging Strike
1-2: Ball
2-2: Strikes out swinging
Batting: RHB Weldon Bell 0-0: Foul Ball, location: 2F
0-1: Ball
1-1: Called Strike
1-2: Strikes out swinging
Batting: RHB Phil Poole 0-0: Ball
1-0: Ball
2-0: Fielders Choice at 2nd, 6-4 (Groundball, 6)
Top of the 6th over - 0 run(s), 1 hit(s), 0 error(s), 0 left on base; Grand Rapids 1 - Elkins 6
BOTTOM OF THE 6TH
Elkins Sting Rays batting - Pitching for Grand Rapids Dutch Ovens : RHP Jacob Edwards
Batting: SHB Carlos González 0-0: Called Strike
0-1: SINGLE (Line Drive, 4D)
Batting: LHB Freddy Torres 0-0: Ball
1-0: Ball
2-0: Called Strike
2-1: Swinging Strike
2-2: Ground out 5-3 (Groundball, 56S)
Carlos González to second
Batting: RHB Ryan Nelson 0-0: Ball
1-0: Ball
2-0: Ball
3-0: Called Strike
3-1: Called Strike
3-2: Strikes out swinging
Batting: RHB Bill Andrews 0-0: Ball
Wild Pitch!
Carlos González to third
1-0: Ball
2-0: Swinging Strike
2-1: Fly out, F8 (Flyball, 8RS)
Bottom of the 6th over - 0 run(s), 1 hit(s), 0 error(s), 1 left on base; Grand Rapids 1 - Elkins 6
TOP OF THE 7TH
Grand Rapids Dutch Ovens batting - Pitching for Elkins Sting Rays : RHP Jesús Núñez
Batting: RHB António Aguilera 0-0: SINGLE (Line Drive, 6MD)
Batting: SHB Karl Webster 0-0: Called Strike
0-1: Ball
1-1: Swinging Strike
1-2: Ball
2-2: Strikes out swinging
António Aguilera steals 2nd base
Batter strikes out.
Batting: RHB Wosene Garane 0-0: Foul Ball, location: 2F
0-1: Called Strike
0-2: Ball
1-2: Ball
2-2: Strikes out swinging
Batting: LHB Abel Wheeler 0-0: Ball
1-0: Ball
2-0: Swinging Strike
2-1: Foul Ball, location: 2F
2-2: Foul Ball, location: 2F
2-2: Fly out, F4 (Popup, 4D)
Top of the 7th over - 0 run(s), 1 hit(s), 0 error(s), 1 left on base; Grand Rapids 1 - Elkins 6
BOTTOM OF THE 7TH
Elkins Sting Rays batting - Pitching for Grand Rapids Dutch Ovens : RHP Jacob Edwards
Batting: LHB Ángel Flores 0-0: Ball
1-0: Foul Ball, location: 2F
1-1: Ball
2-1: Foul Ball, location: 2F
2-2: Ground out U3 (Groundball, 34)
Batting: SHB Ron Winston 0-0: Foul Ball, location: 2F
0-1: Foul Ball, location: 2F
0-2: Ball
1-2: Foul Ball, location: 2F
1-2: Foul Ball, location: 2F
1-2: Ball
2-2: Hit by Pitch
Batting: RHB Armando Blanco 0-0: Called Strike
Ron Winston is caught stealing 2nd base
0-1: Foul Ball, location: 2F
0-2: Ball
1-2: Strikes out swinging
Bottom of the 7th over - 0 run(s), 0 hit(s), 0 error(s), 0 left on base; Grand Rapids 1 - Elkins 6
TOP OF THE 8TH
Grand Rapids Dutch Ovens batting - Pitching for Elkins Sting Rays : RHP Jesús Núñez
Batting: RHB José Wills 0-0: SOLO HOME RUN (Flyball, 7LD), Distance : 365 ft
Batting: RHB Jason Philip 0-0: Called Strike
0-1: Ball
1-1: Swinging Strike
1-2: Ball
2-2: Ball
3-2: Strikes out swinging
Batting: SHB John May 0-0: Ball
1-0: Ball
2-0: Called Strike
2-1: Ball
3-1: Base on Balls
Batting: RHB Weldon Bell 0-0: Called Strike
0-1: Ball
1-1: Called Strike
1-2: TRIPLE (Flyball, 89M)
John May scores
Batting: RHB Phil Poole 0-0: Swinging Strike
0-1: Foul Ball, location: 2F
0-2: Strikes out swinging
Batting: RHB António Aguilera 0-0: Called Strike
0-1: DOUBLE (Flyball, 9LD)
Weldon Bell scores
Batting: SHB Karl Webster 0-0: Ball
1-0: Foul Ball, location: 2F
1-1: Ball
2-1: Ball
3-1: Base on Balls
Pinch Hitting: SHB Joe Emery 0-0: Ball
1-0: Called Strike
1-1: Ball
2-1: Ball
3-1: SINGLE (Flyball, 7S)
António Aguilera to third
Karl Webster to second
Runner from 3rd tries for Home, SAFE, throw made at trailing runner, SAFE at third!
Pitching: LHP Peter Turner
Batting: LHB Abel Wheeler 0-0: Foul Ball, location: 2F
0-1: Foul Ball, location: 2F
0-2: SINGLE (Groundball, 6MD)
Karl Webster scores
Joe Emery to second
Runner from 2nd tries for 3rd, SAFE, throw made to third
Abel Wheeler to second
Batting: RHB José Wills 0-0: SINGLE (Line Drive, 8RS)
Joe Emery scores
Abel Wheeler to third
Runner from 3rd tries for Home, SAFE, no throw
Batting: RHB Jason Philip 0-0: Called Strike
0-1: Ball
1-1: Foul Ball, location: 2F
1-2: Foul Ball, location: 2F
1-2: Foul Ball, location: 2F
1-2: Fielders Choice at 2nd, 6-4 (Groundball, 6)
Top of the 8th over - 7 run(s), 6 hit(s), 0 error(s), 0 left on base; Grand Rapids 8 - Elkins 6
BOTTOM OF THE 8TH
Elkins Sting Rays batting - Pitching for Grand Rapids Dutch Ovens : RHP Jacob Edwards
Pitching: LHP Sancho Espinoza
Now in LF: James Gibbons
Batting: RHB Carson Allen 0-0: Called Strike
0-1: Ball
1-1: Called Strike
1-2: Hit by Pitch
Batting: RHB Pedro Betancourt 0-0: Called Strike
0-1: Ball
1-1: Foul Ball, location: 2F
1-2: Strikes out swinging
Batting: SHB Carlos González 0-0: Ball
1-0: Fielders Choice at 2nd, 6-4 (Groundball, 6)
Batting: LHB Freddy Torres 0-0: Ball
1-0: Ball
2-0: Foul Ball, location: 2F
2-1: SINGLE (Line Drive, 78S)
Carlos González to second
Batting: RHB Ryan Nelson 0-0: Foul Ball, location: 2F
0-1: Foul Ball, location: 2F
0-2: Foul Ball, location: 2F
0-2: Ball
1-2: 3-RUN HOME RUN (Flyball, 89XD), Distance : 420 ft
Batting: RHB Bill Andrews 0-0: Ball
1-0: Ball
2-0: Ball
3-0: Base on Balls
Batting: LHB Ángel Flores 0-0: Called Strike
0-1: Fly out, F8 (Flyball, 78M)
Bottom of the 8th over - 3 run(s), 2 hit(s), 0 error(s), 1 left on base; Grand Rapids 8 - Elkins 9
TOP OF THE 9TH
Grand Rapids Dutch Ovens batting - Pitching for Elkins Sting Rays : LHP Peter Turner
Batting: SHB John May 0-0: Ball
1-0: Foul Ball, location: 2F
1-1: SINGLE (Line Drive, 8LS)
Pinch Runner at 1st Fabio Wondergem:
Pinch Hitting: RHB Alex Hampton 0-0: Ball
1-0: Ball
2-0: Ball
3-0: Called Strike
3-1: Reached on error, E4 (Groundball, 4)
Fabio Wondergem to second
Pinch Hitting: RHB Bobby Hendricks 0-0: Called Strike
0-1: Called Strike
0-2: Ball
1-2: Strikes out swinging
Batting: RHB António Aguilera 0-0: SINGLE (Groundball, 34D)
Fabio Wondergem to third
Alex Hampton to second
Runner from 3rd tries for Home, SAFE, no throw
Pinch Runner at 2nd Ralph Blackburn:
Batting: SHB Karl Webster 0-0: Ball
1-0: Ball
2-0: Ball
3-0: Called Strike
3-1: Fly out, F9 (Flyball, 9LM)
Batting: LHB James Gibbons 0-0: Ball
1-0: Ball
2-0: DOUBLE (Line Drive, 7LM)
Ralph Blackburn scores
António Aguilera to third
Batting: LHB Abel Wheeler 0-0: Ball
1-0: Ball
2-0: Ball
3-0: Called Strike
3-1: Base on Balls
Batting: RHB José Wills 0-0: Ball
1-0: SINGLE (Line Drive, 78S)
António Aguilera scores
James Gibbons to third
Abel Wheeler to second
Batting: RHB Jason Philip 0-0: Ball
1-0: Ball
Wild Pitch!
James Gibbons scores
Abel Wheeler to third
José Wills to second
2-0: Fly out, F9 (Flyball, 89D)
Top of the 9th over - 4 run(s), 4 hit(s), 1 error(s), 2 left on base; Grand Rapids 12 - Elkins 9
BOTTOM OF THE 9TH
Elkins Sting Rays batting - Pitching for Grand Rapids Dutch Ovens : LHP Sancho Espinoza
Now at 2B: Tim Lee
Now at 3B: Fabio Wondergem
Now in RF: Ralph Blackburn
Batting: SHB Ron Winston 0-0: Called Strike
0-1: Ball
1-1: Foul Ball, location: 2F
1-2: Ball
2-2: Foul Ball, location: 2F
2-2: Foul Ball, location: 2F
2-2: Foul Ball, location: 2F
2-2: SINGLE (Groundball, 56D)
Batting: RHB Armando Blanco 0-0: Ball
1-0: SINGLE (Groundball, 4MD)
Ron Winston to second
Pinch Hitting: RHB Pietro Ciccoritti 0-0: Ball
1-0: SINGLE (Line Drive, 89M)
Ron Winston to third
Armando Blanco to second
Runner from 3rd tries for Home, SAFE, no throw
Batting: RHB Pedro Betancourt 0-0: Called Strike
0-1: Hit by Pitch
Armando Blanco to third
Pietro Ciccoritti to second
Batting: SHB Carlos González 0-0: Called Strike
0-1: Foul Ball, location: 2F
0-2: SINGLE (Groundball, 4) (infield hit)
Armando Blanco scores
Pietro Ciccoritti to third
Pedro Betancourt to second
Pinch Hitting: RHB Jorge Paredes 0-0: Ball
1-0: Ball
2-0: Called Strike
2-1: Grounds into fielders choice 6-2 (Groundball, 6)
Pedro Betancourt to third
Carlos González to second
Batting: RHB Ryan Nelson 0-0: SINGLE (Line Drive, 34)
Pedro Betancourt scores
Carlos González to third
Jorge Paredes to second
Batting: RHB Bill Andrews 0-0: Called Strike
0-1: SINGLE (Line Drive, 56D)
Carlos González scores
Tuesday, August 8th, 2017 - OOTP Baseball 17.12 Build 75